 Dungeon Crawl Stone Soup version 0.18-a0-1413-g4eaa9ac (console) character file.

42 brucemayne the Chopper (level 3, -4/27 HPs)
             Began as a Demonspawn Gladiator on Feb 25, 2016.
             Slain by an iguana (5 damage)
             ... on level 4 of the Dungeon.
             The game lasted 00:02:58 (625 turns).

brucemayne the Chopper (Demonspawn Gladiator)        Turns: 625, Time: 00:02:58

Health: -4/27      AC: 10    Str: 21    XL:     3   Next: 33%
Magic:  3/3        EV: 12    Int:  9    God:
Gold:   15         SH:  0    Dex: 13    Spells: 0 memorised, 2 levels left

rFire  . . .     SeeInvis .     a - +0 war axe
rCold  + . .     Gourm    .     b - +0 leather armour
rNeg   . . .     Faith    .     (no shield)
rPois  .         Spirit   .     m - +2 helmet
rElec  .         Dismiss  .     (no cloak)
rCorr  .         Reflect  .     (no gloves)
SustAt .         Harm     .     (no boots)
MR     .....                    (no amulet)
Stlth  +.........               (no ring)
                                (no ring)

@: mighty, not resistant to hostile enchantments, very unstealthy
A: iridescent scales 1, cold resistance 1
a: no special abilities


You were on level 4 of the Dungeon.
You were not hungry.

You visited 1 branch of the dungeon, and saw 4 of its levels.

You collected 15 gold pieces.

Inventory:

Hand Weapons
 a - a +0 war axe (weapon)
Armour
 b - a +0 leather armour (worn)
 c - a +0 helmet
 m - a +2 helmet (worn)
Scrolls
 g - a scroll of random uselessness {unknown}
 i - a scroll of magic mapping {unknown}
 j - a scroll of noise {unknown}
 k - 2 scrolls of identify {unknown}
 o - a scroll of blinking {unknown}
Potions
 e - 2 potions of might
 h - 2 potions of brilliance {unknown}
Comestibles
 f - a bread ration
 l - 2 fruits
 n - a meat ration


   Skills:
 - Level 2.0 Fighting
 + Level 4.0 Axes
 - Level 1.7 Throwing
 - Level 2.6 Dodging


You had 2 spell levels left.
You didn't know any spells.

Dungeon Overview and Level Annotations

Branches:
Dungeon (4/15)
 Temple: D:4-7

Altars:
Dithmenos


Innate Abilities, Weirdness & Mutations

You are partially covered in iridescent scales (AC +4).
Your flesh is cold resistant.


Message History

The iguana is heavily wounded.
The iguana bites you!
* * * LOW HITPOINT WARNING * * *
The iguana bites you.
* * * LOW HITPOINT WARNING * * *
You closely miss the iguana.
The iguana is heavily wounded.
The iguana barely misses you.
Drink which item? (? for menu, Esc to quit)
It was a potion of might.
You feel very mighty all of a sudden. The iguana closely misses you.
Your leather armour prevents you from hitting the iguana.
The iguana is moderately wounded.
The iguana bites you.
* * * LOW HITPOINT WARNING * * *
You barely miss the iguana.
The iguana is moderately wounded.
The iguana bites you.
You die...

#.###.#.##.#.# .......
#######..##......#.#
.......
............######.#
....... ............# #.#
....... ............#
####.###.......
............#
#..............
..(.........#
#.##.....######
.########<..###...#######
#..>.@l..(# ##>##
........#####..# 8...8#
........# #..# .....#
........# #..# .....8#
..####... ...##.....## .
#... ...# ...8# +....
....# #.... ....#


You could see an iguana.

Vanquished Creatures
  An adder (D:2)
  A giant gecko (D:2)
  A ball python (D:2)
  A bat (D:2)
  3 giant cockroaches
  2 gnoll zombies (D:3)
  3 goblins
  6 hobgoblins (D:2)
  5 kobolds
  A giant newt (D:2)
  3 rats (D:2)
27 creatures vanquished.

Notes
Turn   | Place    | Note
--------------------------------------------------------------
     0 | D:1      | brucemayne the Demonspawn Gladiator began the quest for the Orb.
     0 | D:1      | Reached XP level 1. HP: 16/16 MP: 1/1
   209 | D:2      | Reached skill level 3 in Axes
   209 | D:2      | Gained mutation: You are partially covered in iridescent scales (AC +4). [demonic ancestry]
   209 | D:2      | Reached XP level 2. HP: 19/22 MP: 2/2
   336 | D:2      | Gained mutation: Your flesh is cold resistant. [demonic ancestry]
   336 | D:2      | Reached XP level 3. HP: 14/27 MP: 3/3
   355 | D:2      | Found a shadowy altar of Dithmenos.
   454 | D:3      | Reached skill level 4 in Axes
   624 | D:4      | HP: 1/27 [iguana (4)]
   625 | D:4      | Slain by an iguana

Vault maps used:
D:1:      minmay_arrival_widening_spiral_wide, serial_co_window_serial,
          co_window_corner_a, co_window_of_opportunity_a, co_window_paths_b,
          co_window_paths_a, co_window_corner_a, co_window_paths_b,
          co_window_corner_b, co_window_corner_b, co_window_broadway_b,
          co_window_corner_b, co_window_4corner_b
D:2:      kennysheep_the_goblin_king, nicolae_dithmenos_through_a_glass_darkly
D:3:      gammafunk_temple_overflow_pools, nicolae_overflow_crystal_walls,
          lemuel_doored_altar, lemuel_zombie_altar_yredelemnul, first_bread,
          ecumenical_altar_1, uniq_jessica, uniq_iyjb, uniq_sigmund
D:4:      nicolae_overflow_hidden_temple

Skill      XL: |  1  2  3 |
---------------+----------+-----
Axes           | 3 4 |  4.0
Fighting       | |  2.0
Throwing       | |  1.7
Dodging        | |  2.6

Action                   || total
-------------------------++-------
Melee: War axe           ||    92
Throw: Throwing net      ||     3
  Use: Potion            ||     1
 Stab: Held in net/web   ||     1
